 Dungeon Crawl Stone Soup version 0.19-a0-926-g4486784 (webtiles) character file.

371 ololoev the Cudgeler (level 6, -9/61 HPs)
             Began as an Ogre Transmuter on July 6, 2016.
             Was a Follower of Dithmenos.
             Mangled by an orc warrior
             ... wielding a +0 long sword
              (24 damage)
             ... on level 4 of the Dungeon.
             The game lasted 00:14:19 (5659 turns).

ololoev the Cudgeler (Ogre Transmuter)              Turns: 5659, Time: 00:14:20

Health: -9/61      AC:  4    Str: 16    XL:     6   Next: 71%
Magic:  11/11      EV: 10    Int: 14    God:    Dithmenos [*.....]
Gold:   227        SH:  0    Dex: 10    Spells: 2 memorised, 9 levels left

rFire  . . .     SeeInvis .     a - +0 flail
rCold  . . .     Gourm    .     b - +0 robe
rNeg   . . .     Faith    .     (no shield)
rPois  .         Spirit   .     (helmet restricted)
rElec  .         Dismiss  .     h - +0 cloak (curse)
rCorr  .         Reflect  .     (gloves unavailable)
SustAt .         Harm     .     (boots unavailable)
MR     .....                    (no amulet)
Stlth  ++........               (no ring)
                                p - ring of stealth

@: appendage (expiring), wreathed by umbra, not resistant to hostile
enchantments, unstealthy
A: unfitting armour, talons 3, tough skin 1
a: End Transformation, Renounce Religion


Innate Abilities, Weirdness & Mutations

You are too large for most types of armour.
You have tough skin. (AC +1)
You have claws for feet.

Inventory:

Hand Weapons
 a - a +0 flail (weapon)
Armour
 b - a +0 robe (worn)
 h - a cursed +0 cloak (worn)
Jewellery
 p - a ring of stealth (left hand)
Scrolls
 g - 3 scrolls of identify
 i - 2 scrolls of remove curse
 j - a scroll of enchant weapon
 r - a scroll of fear
Comestibles
 d - 3 bread rations
 m - 2 slices of pizza
 n - 2 meat rations


   Skills:
 + Level 3.3 Fighting
 * Level 5.0 Maces & Flails
 + Level 3.0 Dodging
 - Level 2.8 Unarmed Combat
 + Level 3.6 Spellcasting
 + Level 2.3 Transmutations


You had 9 spell levels left.
You knew the following spells:

 Your Spells              Type           Power        Failure   Level  Hunger
a - Beastly Appendage     Tmut           #.....       10%         1    None
b - Sticks to Snakes      Tmut           #.......     14%         2    ##.....


You were on level 4 of the Dungeon.
You worshipped Dithmenos.
Dithmenos was aware of your devotion.
You were not hungry.
You had grown temporary talons.
You visited 1 branch of the dungeon, and saw 5 of its levels.

You collected 227 gold pieces.

..........#.....#...#.....#.##..#
..........'.....#...#....##.##..#
........>.#.....#...#....#.......
..........#.....#...#....#.......
#..##..####.....###.#....#+###.##
##+##..#..........####......#####
...#...#..........+..#......#....
...'...#..........#..'......#....
########........@.####......#+###
............#####o...............
............#...#................
............+...#................
.........)..#...#................
......#######...##'##....#'######
......'.............#....#...#...
......#.............#....#...#...
∩.....##...####.##..#....#####.##

Notes
Turn   | Place    | Note
-------+----------+-------------------------------------------
     0 | D:1      | ololoev the Ogre Transmuter began the quest for the Orb.
     0 | D:1      | Reached XP level 1. HP: 19/19 MP: 3/3
   280 | D:1      | Reached XP level 2. HP: 25/27 MP: 3/5
   287 | D:1      | Learned a level 2 spell: Sticks to Snakes
   388 | D:1      | Reached skill level 1 in Maces & Flails
  1131 | D:1      | Reached XP level 3. HP: 29/35 MP: 5/7
  1710 | D:2      | Reached skill level 2 in Maces & Flails
  2108 | D:2      | Found a hide-covered altar of Uskayaw.
  2122 | D:2      | Noticed a dagger
  2122 | D:2      | Noticed a dagger
  2128 | D:2      | Reached XP level 4. HP: 38/42 MP: 5/8
  2203 | D:2      | Noticed Sigmund
  3181 | D:3      | Reached skill level 3 in Maces & Flails
  3245 | D:3      | Found a faded altar of an unknown god.
  3304 | D:3      | Reached XP level 5. HP: 48/50 MP: 7/9
  3316 | D:3      | Became a worshipper of Dithmenos the Shadowed
  3316 | D:3      | Reached * piety under Dithmenos
  3750 | D:3      | Goblin1989: of dithmenos
  3750 | D:3      | Goblin1989: pfxtv&
  3750 | D:3      | ololoev: random altar
  3771 | D:3      | Goblin1989: зачем?
  3778 | D:3      | Goblin1989: понял
  3799 | D:3      | Found a shadowy altar of Dithmenos.
  4228 | D:4      | Found a burning altar of Makhleb.
  4254 | D:4      | Found a staircase to the Ecumenical Temple.
  4280 | D:4      | Reached skill level 4 in Maces & Flails
  4568 | D:4      | Noticed a phantom
  4575 | D:4      | Goblin1989: я тут вчера веычером демигуда-тмутера заценил дома. Мне показалось или у него действительно статы больше чем у остальных расс?
  4588 | D:4      | ololoev: так у демигодов специально так
  4588 | D:4      | ololoev: нефиговые статы
  4868 | D:4      | Reached XP level 6. HP: 13/61 MP: 11/11
  4895 | D:4      | Killed a phantom
  5177 | D:4      | Reached skill level 5 in Maces & Flails
  5197 | D:4      | Found Lis Edap's Antique Armour Emporium.
  5584 | D:5      | Entered Level 5 of the Dungeon
  5584 | D:5      | Noticed Prince Ribbit
  5610 | D:5      | Noticed an orc warrior
  5659 | D:4      | Mangled by an orc warrior

Dungeon Overview and Level Annotations

Branches:
Dungeon (5/15)             Temple (0/1) D:4

Altars:
Dithmenos
Makhleb
Uskayaw

Shops:
D:4 [

Annotations:
D:2 Sigmund
D:5 Prince Ribbit


Message History

Prince Ribbit comes into view.
Found 32 stones.
There is a stone staircase leading up here.
Prince Ribbit croaks.
You climb upwards.
There is a stone staircase leading down here.
There is an open door here.
There is a stone staircase leading down here.
You climb downwards.
Level annotation: Prince Ribbit
Found 18 gold pieces.
There is a stone staircase leading up here.
Found 22 stones and a long sword. 3 orcs, an orc warrior and an orc priest come into view.
The orc warrior shouts!
The orc priest shouts!
The orc shouts!
You hear a shout!
The orc throws a tomahawk.
The tomahawk barely misses you.
Found 17 stones and 11 gold pieces.
There is a stone staircase leading up here.
You climb upwards.
There is a stone staircase leading down here.
You aren't carrying any items that you can evoke.
Unknown command.
What do you say? t - Shout!
Orders for allies: a - Attack new target. r - Retreat! s - Stop attacking. w - Wait here. f - Follow me.
Anything else - Stay silent.
Okay, then.
Okay, then.
You aren't carrying any potions.
Unknown command.
What do you say? t - Shout!
Orders for allies: a - Attack new target. r - Retreat! s - Stop attacking. w - Wait here. f - Follow me.
Anything else - Stay silent.
Okay, then.
Okay, then.
A crimson imp comes into view.
The crimson imp moves out of view.
There is an open door, spattered with blood here.
Casting: Beastly Appendage
Confirm with . or Enter, or press ? or * to list all spells.
Your feet morph into talons.
The orc warrior hits you with a long sword!
You completely miss the orc warrior.
The orc warrior hits you with a long sword!
You barely miss the orc warrior.
The orc warrior hits you with a long sword.
You hit the orc warrior.
The orc warrior is lightly wounded.
The orc warrior completely misses you.
You closely miss the orc warrior.
The orc warrior is lightly wounded.
You hit the orc warrior. Your kick misses the orc warrior.
The orc warrior is lightly wounded.
The orc warrior closely misses you.
You hit the orc warrior.
The orc warrior is lightly wounded.
The orc warrior closely misses you.
You hit the orc warrior but do no damage.
Your kick misses the orc warrior.
The orc warrior is lightly wounded.
Your transformation is almost over.
The orc warrior hits you but does no damage.
You barely miss the orc warrior.
You claw the orc warrior, but do no damage.
The orc warrior is lightly wounded.
The orc warrior hits you with a long sword!
You hit the orc warrior but do no damage.
Your punch misses the orc warrior.
The orc warrior is lightly wounded.
The orc warrior hits you with a long sword!
You barely miss the orc warrior.
The orc warrior is lightly wounded.
The orc warrior hits you with a long sword!!
You die...

You could see an orc warrior.

Vanquished Creatures
  A phantom (D:4)
  A scorpion (D:4)
  2 orc wizards (D:3)
  An iguana (D:4)
  3 gnolls (D:3)
  3 adders
  An ooze (D:2)
  An adder skeleton (D:4)
  2 worms
  2 dart slugs (D:1)
  5 giant geckos
  7 orcs
  A ball python (D:1)
  5 giant cockroaches
  6 goblins
  4 hobgoblins
  9 kobolds
  3 quokkas
  5 bats
  A giant gecko skeleton (D:4)
  6 giant newts
  8 rats
77 creatures vanquished.

Vanquished Creatures (collateral kills)
  A worker ant (D:3)
  2 orcs (D:3)
  A giant newt (D:2)
  A kobold (D:2)
  A rat (D:3)
6 creatures vanquished.

Grand Total: 83 creatures vanquished

Action                   |  1- 3 |  4- 6 || total
-------------------------+-------+-------++-------
Melee: Unarmed           |   116 |       ||   116
       Headbutt          |     9 |     1 ||    10
       Kick              |     5 |     4 ||     9
       Mace              |    25 |   124 ||   149
       Punch             |     2 |     2 ||     4
       Flail             |       |    89 ||    89
 Cast: Beastly Appendage |    28 |     9 ||    37
       Sticks to Snakes  |     4 |    23 ||    27
  Use: Potion            |       |     5 ||     5
       Scroll            |       |     3 ||     3
 Stab: Sleeping          |       |     4 ||     4
  Eat: Chunk             |     5 |     9 ||    14
       Meat ration       |       |     1 ||     1
Armor: Robe              |    35 |    61 ||    96
Dodge: Dodged            |    63 |   151 ||   214

Vault maps used:
D:1:      dpeg_arrival_round_c
D:2:      dancing_weapons_uskayaw, uniq_sigmund
D:3:      nicolae_dithmenos_shadow_blocks, ecumenical_altar_2, first_bread
D:4:      bloody_makhleb, serial_shops, shop
D:5:      serial_shops, shop, guppyfry_early_orc_mine, uniq_prince_ribbit1,
          uniq_duvessa
